 Dungeon Crawl Stone Soup version 0.32-a0-468-g38b2580584 (webtiles) character file.

Game seed: 1859574127171014400

119 dialectric the Trooper (level 4, -6/41 HPs)
             Began as a Minotaur Fighter on Feb 24, 2024.
             Killed by nerve-wracking pain
             ... invoked by Grinder
              (12 damage)
             ... while paralysed by Grinder
             ... on level 3 of the Dungeon.
             The game lasted 00:02:26 (1669 turns).

dialectric the Trooper (Minotaur Fighter)           Turns: 1669, Time: 00:02:27

Health: -6/41      AC:  7    Str: 22    XL:     4   Next: 73%
Magic:  3/3        EV:  2    Int:  5    God:
Gold:   78         SH:  0    Dex: 10    Spells: 3/3 levels left

rFire   . . .        a - +0 flail
rCold   . . .        (no shield)
rNeg    . . .        b - +0 scale mail
rPois   .            (helmet restricted)
rElec   .            (no cloak)
rCorr   .            (no gloves)
SInv    .            (no boots)
Will    .....        (no amulet) Stlth
                     (no ring)
HPRegen 0.26/turn    (no ring)
MPRegen 0.08/turn

%: no passive effects
@: paralysed
A: horns 2, retaliatory headbutt
a: no special abilities


You were on level 3 of the Dungeon.
You visited 1 branch of the dungeon, and saw 3 of its levels.

You collected 78 gold pieces.

Inventory:

Hand Weapons
 a - a +0 flail (weapon)
 m - a +1 dagger of venom
Missiles
 g - 6 poisoned darts (quivered)
Armour
 b - a +0 scale mail (worn)
 c - a +0 buckler
Jewellery
 p - a ring of ice
Scrolls
 h - a scroll of torment {unknown}
 j - a scroll of amnesia {unknown}
 l - a scroll of revelation {unknown}
 n - a scroll of blinking {unknown}
 q - a scroll of summoning {unknown}
Potions
 d - a potion of might
 e - a potion of cancellation {unknown}
 f - a potion of haste {unknown}
 i - 2 potions of lignification {unknown}
 k - a potion of resistance {unknown}
 o - a potion of heal wounds {unknown}


   Skills:
 + Level 4.6 Fighting
 + Level 3.7 Maces & Flails
 + Level 4.5 Armour
 + Level 0.2 Dodging
 - Level 4.4 Shields


You had 3 spell levels left.
You didn't know any spells.
Your spell library contained the following spells:

 Spells                   Type           Power      Damage    Failure   Level
 Blink                    Tloc           0%         N/A       90%         2
 Lesser Beckoning         Tloc           0%         N/A       90%         2
 Mercury Vapours          Alch/Air       0%         N/A       90%         2
 Momentum Strike          Conj/Tloc      0%         3d8       90%         2
 Mephitic Cloud           Conj/Alch/Air  0%         N/A       99%         3
 Freezing Cloud           Conj/Ice/Air   0%         6-21      100%        5


Dungeon Overview and Level Annotations

Branches:
Dungeon (3/15)

Altars:

Annotations:
D:3 Grinder


Innate Abilities, Weirdness & Mutations

You have a pair of horns on your head.
You reflexively headbutt those who attack you in melee.


Message History

Grinder is almost dead.
Grinder gestures at you.
You suddenly lose the ability to move!
Grinder blinks!
You can move again.
Grinder hits you but does no damage.
Unknown command.
Grinder blinks!
You closely miss Grinder.
Grinder is almost dead.
Grinder gestures at you.
You suddenly lose the ability to move!
Grinder gestures at you.
You barely resist.
You can move again.
You hit Grinder. Your headbutt misses Grinder.
Grinder is almost dead.
Grinder hits you.
You writhe in agony.
Grinder gestures at you.
You shrug off the repeated paralysis!
You closely miss Grinder. Your headbutt misses Grinder.
Grinder is almost dead.
Grinder hits you but does no damage.
Unknown command.
You closely miss Grinder.
Grinder is almost dead.
Grinder hits you!
* * * LOW HITPOINT WARNING * * *
You hit Grinder. Your headbutt misses Grinder.
Grinder is almost dead.
Grinder closely misses you.
Unknown command.
You hit Grinder but do no damage. Your headbutt misses Grinder.
Grinder is almost dead.
Grinder gestures at you.
You suddenly lose the ability to move!
Grinder gestures at you. Pain shoots through your body!
You die...
Grinder sighs, "Dead already?
I want a refund."

######## ### #......#
#.. #......# .### #.#
#......# ....##.#
#......# #..#.##
#.5....# #....###
#.@....# #....##
#......#
######.##..####......#
.......###....'......#
######## ######......#
#......# #......+
#......# ###+#....


You could see Grinder.

Vanquished Creatures
  2 gnolls (D:1)
  5 adders
  2 dart slugs (D:2)
  2 bats
  An endoplasm (D:1)
  3 giant cockroaches (D:2)
  5 goblins
  9 hobgoblins
  3 jackals (D:1)
  3 quokkas
  A ball python (D:2)
  2 frilled lizards
  5 kobolds
  4 rats (D:2)
47 creatures vanquished.

Notes
Turn   | Place    | Note
-------+----------+-------------------------------------------
     0 | D:1      | dialectric the Minotaur Fighter began the quest for the
                  | Orb.
     0 | D:1      | Reached XP level 1. HP: 19/19 MP: 0/0
   124 | D:1      | Found a faded altar of an unknown god.
   159 | D:1      | Reached XP level 2. HP: 27/27 MP: 1/1
   438 | D:1      | Reached XP level 3. HP: 28/33 MP: 2/2
  1057 | D:2      | Reached XP level 4. HP: 35/41 MP: 3/3
  1634 | D:3      | Noticed Grinder
  1656 | D:3      | Paralysed by Grinder for 3 turns
  1662 | D:3      | Paralysed by Grinder for 2 turns
  1668 | D:3      | Paralysed by Grinder for 5 turns
  1669 | D:3      | Killed from afar by Grinder

Illustrated notes

Levels and vault maps discovered:
D:1:      sevenhm_arrival_forest_fort_large_2, layout_basic,
          basic_ecumenical_altar
D:2:      layout_basic, minmay_mini_jars
D:3:      layout_basic, uniq_grinder

Skill      XL: |  1  2 |
---------------+-------+-----
Fighting       | 4 |  4.6
Armour         | 4 |  4.5
Shields        | 4 |  4.4
Maces & Flails | 3 |  3.7
Dodging        | |  0.2

Action                     |  1- 3 |  4- 6 || total
---------------------------+-------+-------++-------
  Melee: Flail             |    68 |    37 ||   105
         Headbutt          |     8 |     7 ||    15
         Dagger            |       |    27 ||    27
 Armour: Scale mail        |    49 |    40 ||    89
  Dodge: Dodged            |    47 |    24 ||    71
  Block: Buckler           |     2 |       ||     2

Table legend: (Time is in decaauts)
 A = Elapsed time spent in this place.
 B = Non-inter-level travel time spent in this place.
 C = Inter-level travel time spent in this place.
 D = Time resting spent in this place.
 E = Time spent auto-exploring this place.
 F = Levels seen in this place.
 G = Mean time per level.
                   A        B        C        D        E       F      G
               +--------+--------+--------+--------+--------+-----+--------+
         Total |   1694 |   1627 |     67 |      0 |   1263 |   3 |  564.7 |
       Dungeon |   1694 |   1627 |     67 |      0 |   1263 |   3 |  564.7 |
               +--------+--------+--------+--------+--------+-----+--------+

Top non-repeatable levels by time:
     D:2: 801 daAuts
     D:1: 759 daAuts
     D:3: 133 daAuts
